 Dungeon Crawl Stone Soup version 0.31-a0-662-g684573625c (webtiles) character file.

Game seed: 4605361320197493092

975 arthad the Shield-Bearer (level 8, -6/64 HPs)
             Began as a Formicid Fighter on Sept 1, 2023.
             Mangled by an orc warrior
             ... wielding a +3 glaive
              (10 damage)
             ... on level 6 of the Dungeon.
             The game lasted 00:04:52 (4596 turns).

arthad the Shield-Bearer (Formicid Fighter)         Turns: 4596, Time: 00:04:53

Health: -6/64      AC:  9    Str: 22    XL:     8   Next: 39%
Magic:  8/8        EV:  9    Int:  9    God:
Gold:   99         SH:  6    Dex: 13    Spells: 7/7 levels left

rFire   . . .        a - +0 war axe
rCold   . . .        c - +0 buckler
rNeg    . . .        b - +0 scale mail
rPois   .            (helmet unavailable)
rElec   .            (no cloak)
rCorr   .            z - +1 pair of gloves
SInv    +            (no boots)
Will    .....        (no amulet) Stlth
                     (no ring)
HPRegen 0.30/turn    (no ring)
MPRegen 0.11/turn

%: no passive effects
@: mighty, studying Summonings
A: permanent stasis, dig shafts and tunnels, antennae 3, four strong arms
a: Dig, Shaft Self


You were on level 6 of the Dungeon.
You visited 1 branch of the dungeon, and saw 6 of its levels.

You collected 249 gold pieces.
You spent 150 gold pieces at shops.

Inventory:

Hand Weapons
 a - a +0 war axe (weapon)
 y - a +2 mace of protection
Missiles
 i - 4 poisoned darts
 q - 2 javelins
 t - 7 boomerangs
Armour
 b - a +0 scale mail (worn)
 c - a +0 buckler (worn)
 z - a +1 pair of gloves (worn)
Jewellery
 e - a +4 ring of protection
 B - a ring of poison resistance
Scrolls
 f - 2 scrolls of silence {unknown}
 g - a scroll of fear {unknown}
 h - 4 scrolls of identify {unknown}
 k - 2 scrolls of teleportation {unknown}
 l - a scroll of vulnerability {unknown}
 n - 2 scrolls of fog {unknown}
 p - a scroll of poison {unknown}
 v - a scroll of blinking {unknown}
 w - a scroll of enchant weapon {unknown}
 A - a scroll of brand weapon {unknown}
Potions
 j - a potion of haste {unknown}
 m - 2 potions of heal wounds {unknown}
 o - 3 potions of invisibility {unknown}
 r - a potion of brilliance {unknown}
 s - a potion of enlightenment {unknown}
 u - 2 potions of lignification {unknown}
 x - 3 potions of curing {unknown}


   Skills:
 + Level 5.9 Fighting
 + Level 4.9 Axes
 + Level 6.0 Armour
 + Level 7.1 Shields


You had 7 spell levels left.
You didn't know any spells.
Your spell library contained the following spells:

 Spells                   Type           Power      Damage    Failure   Level
 Poisonous Vapours        Pois/Air       0%         N/A       87%         2
 Mephitic Cloud           Conj/Pois/Air  0%         N/A       98%         3
 Olgreb's Toxic Radiance  Pois           0%         N/A       100%        4
 Freezing Cloud           Conj/Ice/Air   0%         6-21      100%        5
 Discord                  Hex            0%         N/A       100%        8
 Ignition                 Fire           0%         3d3       100%        8


Dungeon Overview and Level Annotations

Branches:
Dungeon (6/15)
 Temple: D:4-7

Altars:
Ashenzari
Hepliaklqana
Xom
Yredelemnul

Shops:
D:5 [

Annotations:
D:3 2 transporters, 3 runed translucent doors, Ekaitz's ghost, amateur TeAE; arvidsem's ghost, amateur DrSh; cforsyth's ghost, amateur GnAr


Innate Abilities, Weirdness & Mutations

You cannot be hasted, slowed, berserked, paralysed or teleported.
You can dig through walls and to a lower floor.
You have a pair of large antennae on your head. (SInv)
Your four strong arms can wield two-handed weapons with a shield.


Message History

The orc is almost dead.
The orc hits you with a +0 short sword. You block the orc warrior's attack.
You hit the orc.
You kill the orc!
You block the orc warrior's attack. x2
The orc warrior hits you with a +3 glaive!!
Items here: )) [[ †.
You are too injured to fight recklessly!
You are too injured to fight recklessly!
You are too injured to fight recklessly!
You are too injured to fight recklessly!
You are too injured to fight recklessly!
You are too injured to fight recklessly!
You are too injured to fight recklessly!
You are too injured to fight recklessly!
You are too injured to fight recklessly!
You are too injured to fight recklessly!
You are too injured to fight recklessly!
You are too injured to fight recklessly!
You feel very mighty all of a sudden. The orc warrior barely misses you.
You slash the orc warrior!
The orc warrior is heavily wounded.
The orc warrior hits you with a +3 glaive!
* * * LOW HITPOINT WARNING * * *
You slash the orc warrior!
The orc warrior is almost dead.
The orc warrior barely misses you.
You hit the orc warrior.
The orc warrior is almost dead.
The orc warrior hits you with a +3 glaive!
* * * LOW HITPOINT WARNING * * *
The orc warrior barely misses you.
You closely miss the orc warrior.
The orc warrior is almost dead.
The orc warrior barely misses you.
You hit the orc warrior but do no damage.
The orc warrior is almost dead.
The orc warrior hits you with a +3 glaive!
You die...

#.# #.# #.# #.#
##+# #.# ##...##
#o# #.....## ####o#
.......## ##.##@#
........####...#.#
........'........#
........####......#
.......## ##.##..#
#.....## #.##..#
##..†## #.##..#
###'####### #.#...#
..........# #^#.#.#


You could see an orc warrior and an orc.

Vanquished Creatures
  3 phantoms
  A bullfrog (D:6)
  A water moccasin zombie (D:3)
  A centaur zombie (D:4)
  A bullfrog zombie (D:4)
  2 orc priests (D:5)
  A sleepcap (D:4)
  A hound (D:4)
  2 iguanas
  4 orc wizards
  2 scorpion zombies (D:4)
  4 hound zombies (D:4)
  A hound skeleton (D:4)
  12 adders
  A gnoll (D:1)
  An adder zombie (D:4)
  9 orcs
  3 endoplasms (D:1)
  7 goblins
  3 hobgoblins
  2 quokkas
  6 ball pythons
  A ball python zombie (D:3)
  5 bats
  2 frilled lizards
  6 kobolds
  2 quokka zombies (D:3)
  4 rats
88 creatures vanquished.

Notes
Turn   | Place    | Note
-------+----------+-------------------------------------------
     0 | D:1      | arthad the Formicid Fighter began the quest for the Orb.
     0 | D:1      | Reached XP level 1. HP: 18/18 MP: 1/1
   354 | D:1      | Reached XP level 2. HP: 21/24 MP: 2/2
   744 | D:1      | Reached XP level 3. HP: 23/29 MP: 3/3
  1077 | D:2      | Reached XP level 4. HP: 33/37 MP: 4/4
  1714 | D:3      | Found a transporter.
  1715 | D:3      | Noticed a kobold demonologist
  1812 | D:3      | Found a transporter.
  1870 | D:3      | Reached skill level 5 in Shields
  1870 | D:3      | Reached XP level 5. HP: 20/42 MP: 5/5
  2034 | D:3      | Found a runed translucent gate.
  2037 | D:3      | Found a runed translucent gate.
  2041 | D:3      | Found a runed translucent gate.
  2048 | D:3      | Noticed arvidsem's ghost (amateur DrSh)
  2048 | D:3      | Noticed cforsyth's ghost (amateur GnAr)
  2048 | D:3      | Noticed Ekaitz's ghost (amateur TeAE)
  2145 | D:3      | Found a faded altar of an unknown god.
  2243 | D:3      | Found a faded altar of an unknown god.
  2252 | D:3      | Found a hazy altar of Hepliaklqana.
  2294 | D:3      | Found a shimmering altar of Xom.
  2372 | D:3      | Found a basalt altar of Yredelemnul.
  2636 | D:4      | Reached XP level 6. HP: 43/49 MP: 6/6
  3109 | D:4      | Reached XP level 7. HP: 33/55 MP: 7/7
  3245 | D:4      | Reached skill level 5 in Armour
  3259 | D:4      | Reached skill level 5 in Fighting
  3259 | D:4      | Reached skill level 6 in Shields
  3600 | D:5      | Entered Level 5 of the Dungeon
  3816 | D:5      | Reached XP level 8. HP: 37/63 MP: 8/8
  3931 | D:5      | Found Nios's Antique Armour Boutique.
  3977 | D:5      | Bought a pair of runed gloves for 150 gold pieces
  3999 | D:5      | Found a broken altar of Ashenzari.
  4499 | D:6      | Reached skill level 7 in Shields
  4594 | D:6      | HP: 3/64 [orc warrior/+3 glaive (15)]
  4596 | D:6      | Mangled by an orc warrior

Illustrated notes

Levels and vault maps discovered:
D:1:      dpeg_arrival_refuge, layout_basic
D:2:      layout_basic
D:3:      gammafunk_wand_slinger, layout_loops_ring,
          nicolae_overflow_ecumenical_swirl,
          mainiacjoe_overflow_concentric_impassable,
          nicolae_yredelemnul_corpse_copse,
          hellmonk_ecumenical_altar_leap_of_faith, gammafunk_ghost_cemetery
D:4:      layout_loops_ring, serial_undead, serial_undead_b, serial_undead_f,
          serial_undead_e, serial_undead_a
D:5:      layout_cave_pools, mainiacjoe_overflow_tiny_flanked, serial_shops,
          nicolae_shop_dealshenge
D:6:      minmay_chambers_of_threes, layout_loops_corners, kennysheep_mini,
          chequers_serial_rivers_large_b

Skill      XL: |  1  2  3  4  5  6  7  8 |
---------------+-------------------------+-----
Armour         | 4 5 6 |  6.0
Fighting       | 4 5 |  5.9
Axes           | 3 4 |  4.9
Shields        | 5 6 7 |  7.1

Action                     |  1- 3 |  4- 6 |  7- 9 || total
---------------------------+-------+-------+-------++-------
  Melee: War axe           |    56 |   150 |   138 ||   344
    Use: Potion            |       |       |     1 ||     1
 Armour: Scale mail        |    44 |   123 |   119 ||   286
  Dodge: Dodged            |    29 |    78 |    59 ||   166
  Block: Buckler           |    12 |    37 |    31 ||    80

Table legend: (Time is in decaauts)
 A = Elapsed time spent in this place.
 B = Non-inter-level travel time spent in this place.
 C = Inter-level travel time spent in this place.
 D = Time resting spent in this place.
 E = Time spent auto-exploring this place.
 F = Levels seen in this place.
 G = Mean time per level.
                   A        B        C        D        E       F      G
               +--------+--------+--------+--------+--------+-----+--------+
         Total |   4716 |   4577 |    139 |      0 |   3765 |   6 |  786.0 |
       Dungeon |   4716 |   4577 |    139 |      0 |   3765 |   6 |  786.0 |
               +--------+--------+--------+--------+--------+-----+--------+

Top non-repeatable levels by time:
     D:4: 1179 daAuts
     D:1: 869 daAuts
     D:2: 866 daAuts
     D:5: 837 daAuts
     D:3: 776 daAuts
     D:6: 187 daAuts
